 Seeded DCSS version 0.30.1-11-g7821555f0a (webtiles) character file.

Game seed: 5129858224507802926 (custom seed)

154 Psyclone the Conjurer (level 5, 0/28 HPs)
             Began as a Deep Elf Conjurer on Nov 7, 2023.
             Slain by an orc
             ... wielding a +0 flail
              (5 damage)
             ... on level 3 of the Dungeon.
             The game lasted 00:05:46 (2045 turns).

Psyclone the Conjurer (Deep Elf Conjurer)           Turns: 2045, Time: 00:05:47

Health: 0/28       AC:  3    Str:  2    XL:     5   Next: 13%
Magic:  0/14       EV: 12    Int: 25    God:
Gold:   171        SH:  0    Dex: 13    Spells: 10/13 levels left

rFire   . . .        g - +0 dagger
rCold   . . .        (no shield)
rNeg    . . .        a - +0 robe
rPois   .            (no helmet)
rElec   .            (no cloak)
rCorr   .            (no gloves)
SInv    .            (no boots)
Will    .....        (no amulet)
Stlth   ++           (no ring)
HPRegen 0.24/turn    (no ring)
MPRegen 0.14/turn

%: no passive effects
@: no status effects
A: shaggy fur 1, weak 1
a: no special abilities


You were on level 3 of the Dungeon.
You visited 1 branch of the dungeon, and saw 3 of its levels.

You collected 171 gold pieces.

Inventory:

Hand Weapons
 g - a +0 dagger (weapon)
Armour
 a - a +0 robe (worn)
Scrolls
 c - a scroll of vulnerability
 e - a scroll of fear
Potions
 b - a potion of magic
 d - a potion of curing
 i - a potion of mutation


   Skills:
 - Level 2.4 Dodging
 - Level 2.4 Stealth
 + Level 4.7 Spellcasting
 * Level 6.3 Conjurations


You had 10 spell levels left.
You knew the following spells:

 Your Spells              Type           Power      Damage    Failure   Level
a - Magic Dart            Conj           100%       1d8       1%          1
b - Searing Ray           Conj           74%        2d7       1%          2

Your spell library contained the following spells:

 Spells                   Type           Power      Damage    Failure   Level
 Dazzling Flash           Conj/Hex       42%        N/A       7%          3
 Fulminant Prism          Conj/Hex       10%        3d9       22%         4
 Iskenderun's Mystic Bla  Conj/Tloc      21%        2d6       22%         4


Dungeon Overview and Level Annotations

Branches:
Dungeon (3/15) Zot: 15955

Altars:

Shops:
D:1 [   D:2 =![(


Innate Abilities, Weirdness & Mutations

You are covered in fur. (AC +1)
You are weak. (Str -2)


Message History

Aim: an orc priest, wielding a +0 dagger (heavily wounded, 100% to hit)
The magic dart hits the orc priest!
You kill the orc priest!
You have reached level 5!
You regained 2 hp, and now have 11/28 hp.
You now have 0/14 mp.
Casting: Magic Dart (safe; 1% risk of failure)
Confirm with . or Enter, or press ? or * to list all spells.
You don't have enough magic to cast this spell.
Unknown command.
Casting: Magic Dart (safe; 1% risk of failure)
Confirm with . or Enter, or press ? or * to list all spells.
You don't have enough magic to cast this spell.
Unknown command.
You hit the orc but do no damage. The orc hits you with a +0 flail!
* * * LOW HITPOINT WARNING * * *
You take 8 damage, and have 3/28 hp.
MASSIVE DAMAGE!!
You barely miss the orc. The orc closely misses you.
You hit the orc but do no damage. The orc barely misses you.
You closely miss the orc. Your punch misses the orc.
The orc closely misses you. The orc attacks as you move away!
The orc hits you with a +0 flail.
* * * LOW HITPOINT WARNING * * *
You take 1 damage, and have 3/28 hp.
There is an escape hatch in the ceiling here.
Casting: Magic Dart (safe; 1% risk of failure)
Confirm with . or Enter, or press ? or * to list all spells.
Aiming: Magic Dart (safe; 1% risk of failure)
Press: ? - help, Shift-Dir - straight line The orc barely misses you.
Casting: Magic Dart (safe; 1% risk of failure)
Confirm with . or Enter, or press ? or * to list all spells.
Aiming: Magic Dart (safe; 1% risk of failure)
Press: ? - help, Shift-Dir - straight line, f - orc
Aim: an orc, wielding a +0 flail and wearing a +0 scale mail (100% to hit)
The magic dart hits the orc but does no damage.
The orc completely misses you.
You now have 0/14 mp.
The orc attacks as you move away! The orc hits you with a +0 flail.
You die...

#.#.# #.#.#
#.#.########
##.#...##...##
#...<..#.###.##
#..####.## ##.#####
##.#.###.# #.<...#
####.###....##
##o###.#
.>....#.####.###@##
#)# #####..##
##...## #.# #..#
##### #.# #..# #)#
...# #)# ##..# #.#
..## ... #.# #.#


You could see an orc.

Vanquished Creatures
  An orc priest (D:3)
  An orc wizard (D:3)
  4 gnolls (D:2)
  An adder (D:2)
  A worm (D:2)
  A dart slug (D:2)
  An orc (D:3)
  7 ball pythons
  6 endoplasms
  4 goblins
  5 hobgoblins (D:2)
  3 quokkas
  4 bats
  4 frilled lizards (D:1)
  2 kobolds
  4 rats
49 creatures vanquished.

Notes
Turn   | Place    | Note
-------+----------+-------------------------------------------
     0 | D:1      | Psyclone the Deep Elf Conjurer began the quest for the Orb.
     0 | D:1      | Reached XP level 1. HP: 10/10 MP: 6/6
   200 | D:1      | Reached XP level 2. HP: 15/15 MP: 5/8
   358 | D:1      | Reached skill level 5 in Conjurations
   407 | D:1      | Found Qair's Armour Shoppe.
   735 | D:2      | Found Xoolosaxt's Antique Armour Shop.
   747 | D:2      | Reached XP level 3. HP: 19/19 MP: 5/10
   923 | D:1      | Learned a level 2 spell: Searing Ray
  1102 | D:2      | Reached XP level 4. HP: 24/24 MP: 3/12
  1264 | D:2      | Found Ogoraot's Weapon Shop.
  1623 | D:2      | Found Zutuxkoi's Jewellery Shop.
  1686 | D:2      | Found Tatheism's Distillery.
  1946 | D:2      | Gained mutation: You are covered in fur. (AC +1) [potion of
                  | mutation]
  1946 | D:2      | Gained mutation: You are weak. (Str -2) [potion of
                  | mutation]
  2029 | D:3      | Reached skill level 6 in Conjurations
  2034 | D:3      | Reached XP level 5. HP: 11/28 MP: 0/14
  2045 | D:3      | Slain by an orc

Illustrated notes

Levels and vault maps discovered:
D:1:      saegor_arrival_simple_c, layout_rooms, serial_shops, shop,
          kennysheep_nondescript, minmay_misc_feat_ornament
D:2:      layout_basic, serial_shops, nicolae_shop_tiny_statue_garden,
          nicolae_shop_scrapyard, shop, shop
D:3:      layout_loops_ring

Skill      XL: |  1  2  3  4 |
---------------+-------------+-----
Conjurations   | 5 6 |  6.3
Spellcasting   | 4 |  4.7
Dodging        | |  2.4
Stealth        | |  2.4

Action                     |  1- 3 |  4- 6 || total
---------------------------+-------+-------++-------
  Melee: Dagger            |     4 |     6 ||    10
   Cast: Magic Dart        |    63 |    42 ||   105
         Searing Ray       |     3 |       ||     3
    Use: Scroll            |       |     5 ||     5
         Potion            |       |     2 ||     2
  Dodge: Dodged            |     1 |    10 ||    11
